 Dungeon Crawl Stone Soup version 0.23-a0-143-g1adec7b (webtiles) character file.

16874 Amnesiac the Quickloader (level 12, -13/92 HPs)
             Began as a Mummy Hunter on Sept 1, 2018.
             Was a High Priest of Okawaru.
             Killed from afar by TheNamelessOne's ghost (20 damage)
             ... with an orb of energy
             ... on level 6 of the Dungeon.
             The game lasted 00:38:21 (18173 turns).

Amnesiac the Quickloader (Mummy Hunter)            Turns: 18173, Time: 00:38:22

Health: -13/92     AC: 22    Str: 19    XL:     12   Next: 13%
Magic:  27/27      EV: 10    Int: 10    God:    Okawaru [*****.]
Gold:   551        SH: 10    Dex: 14    Spells: 4/11 levels left

rFire    . . .     SeeInvis .   b - +2 short sword (elec)
rCold    + + +     Gourm    .   g - +0 shield
rNeg     + + +     Faith    +   n - +1 plate armour {rF+}
rPois    ∞         Spirit   .   (no helmet)
rElec    .         Reflect  .   s - scarf {rC+ rF+}
rCorr    .         Harm     .   j - +2 pair of gloves
MR       +....                  u - +1 pair of boots {Stlth+}
Stlth    ..........             f - amulet of faith
HPRegen  0.25/turn              v - ring of magical power
MPRegen  0.20/turn              E - ring of ice

@: heroism
A: no food or potions, fire vulnerability, cold resistance 1, negative energy
resistance 3, torment resistance, unbreathing
a: Heroism, Finesse, Renounce Religion


You were on level 6 of the Dungeon.
You worshipped Okawaru.
Okawaru was extremely pleased with you.
You were not hungry.

You visited 3 branches of the dungeon, and saw 12 of its levels.
You also visited: Ice Cave.

You collected 681 gold pieces.
You spent 130 gold pieces at shops.

Inventory:

Hand Weapons
 a - a +1 hunting sling of freezing
 b - a +2 short sword of electrocution (weapon)
 q - a +1 hand crossbow
 w - a +5 blowgun
 z - a +1 dagger of venom
Missiles
 h - 74 sling bullets
 i - 266 stones (quivered)
 p - 46 poisoned needles
Armour
 g - a +0 shield (worn)
 j - a +2 pair of gloves (worn)
 n - a +1 plate armour of fire resistance (worn)
 s - a scarf of resistance (worn)
 u - a +1 pair of boots of stealth (worn)
Jewellery
 f - an amulet of faith (around neck)
 v - a ring of magical power (left hand)
 E - a ring of ice (right hand)
Wands
 C - a wand of iceblast (12)
Scrolls
 c - a scroll of enchant armour {!r}
 d - a scroll of identify {!r}
 e - 8 scrolls of remove curse {!r}
 k - 2 scrolls of vulnerability {!r}
 l - 3 scrolls of amnesia {!r}
 m - 2 scrolls of fog {!r}
 t - 2 scrolls of enchant weapon {!r}
 x - 2 scrolls of teleportation {!r}
 A - a scroll of noise {!r}


   Skills:
 + Level 8.0(13.0) Fighting
 + Level 10.0(15.0) Crossbows
 + Level 7.2(12.2) Armour
 + Level 7.2(12.2) Dodging
 - Level 0.7(5.7) Stealth
 - Level 8.0 Invocations


You had 4 spell levels left.
You knew the following spells:

 Your Spells              Type           Power        Failure   Level  Hunger
a - Call Imp              Summ           #.......     100%        2    N/A
e - Mephitic Cloud        Conj/Pois/Air  #.......     100%        3    N/A
v - Blink                 Tloc           N/A          100%        2    N/A

Your spell library contained the following spells:

 Spells                   Type           Power        Failure   Level  Hunger
 Flame Tongue             Conj/Fire      #....        100%        1    N/A
 Magic Dart               Conj           #...         100%        1    N/A
 Sandblast                Erth           #.....       100%        1    N/A
 Passwall                 Tmut/Erth      #.......     100%        2    N/A
 Slow                     Hex            #.......     100%        2    N/A
 Throw Flame              Conj/Fire      #.....       100%        2    N/A
 Conjure Flame            Conj/Fire      #.......     100%        3    N/A
 Inner Flame              Hex/Fire       #.......     100%        3    N/A
 Stone Arrow              Conj/Erth      #.....       100%        3    N/A
 Petrify                  Tmut/Erth      #.......     100%        4    N/A
 Sticky Flame             Conj/Fire      #.......     100%        4    N/A
 Fireball                 Conj/Fire      #.........   100%        5    N/A
 Lee's Rapid Deconstruct  Erth           #.........   100%        5    N/A

Dungeon Overview and Level Annotations

Branches:
Dungeon (10/15)            Temple (1/1) D:5             Orc (1/2) D:9
   Lair: D:8-11

Altars:
Ashenzari
Cheibriados
Dithmenos
Elyvilon
Fedhas
Gozag
Hepliaklqana
Kikubaaqudgha
Makhleb
Nemelex Xobeh
Okawaru
Qazlal
Ru
Sif Muna
Trog
Uskayaw
Vehumet
Wu Jian
Xom
Yredelemnul
Zin
The Shining One

Shops:
D:4 ?   D:10 (

Annotations:
D:6 TheNamelessOne's ghost, novice KoCj
D:10 1 runed door, galech's ghost, novice DsMo


Innate Abilities, Weirdness & Mutations

You do not eat or drink.
Your flesh is vulnerable to fire.
You are immune to poison.
Your flesh is cold resistant. (rC+)
You are immune to negative energy. (rN+++)
You are immune to unholy pain and torment.
You can survive without breathing.


Message History

The orb of energy explodes!
You hit TheNamelessOne's ghost but do no damage.
You block TheNamelessOne's ghost's attack.
You miss TheNamelessOne's ghost.
TheNamelessOne's ghost gestures at you while chanting.
You block the orb of energy.
You hit TheNamelessOne's ghost.
Lightning courses through TheNamelessOne's ghost!
TheNamelessOne's ghost is moderately damaged.
TheNamelessOne's ghost closely misses you.
Press: ? - help, v - describe, . - travel
Here: TheNamelessOne's ghost, wielding a weapon of draining (moderately The floor.
Unknown command.
Press: ? - help, v - describe, . - travel
Here: TheNamelessOne's ghost, wielding a weapon of draining (moderately The floor.
You hit TheNamelessOne's ghost but do no damage.
TheNamelessOne's ghost is moderately damaged.
TheNamelessOne's ghost hits you but does no damage.
You hit TheNamelessOne's ghost.
Lightning courses through TheNamelessOne's ghost!
TheNamelessOne's ghost is severely damaged.
TheNamelessOne's ghost casts a spell at you.
The magic dart hits you!
You puncture TheNamelessOne's ghost!
TheNamelessOne's ghost is severely damaged.
TheNamelessOne's ghost points at you and mumbles some strange words.
The orb of energy hits you!
* * * LOW HITPOINT WARNING * * *
The orb of energy explodes!
You hit TheNamelessOne's ghost.
TheNamelessOne's ghost is almost destroyed.
TheNamelessOne's ghost hits you but does no damage.
Your plate armour prevents you from hitting TheNamelessOne's ghost.
TheNamelessOne's ghost is almost destroyed.
TheNamelessOne's ghost points at you and mumbles some strange words.
The orb of energy hits you!
* * * LOW HITPOINT WARNING * * *
The orb of energy explodes!
Your plate armour prevents you from hitting TheNamelessOne's ghost.
TheNamelessOne's ghost is almost destroyed.
You hit TheNamelessOne's ghost.
TheNamelessOne's ghost is almost destroyed.
TheNamelessOne's ghost hits you but does no damage.
You hit TheNamelessOne's ghost.
TheNamelessOne's ghost is almost destroyed.
TheNamelessOne's ghost gestures at you while chanting.
The magic dart hits you!
You barely miss TheNamelessOne's ghost.
TheNamelessOne's ghost is almost destroyed.
You block TheNamelessOne's ghost's attack.
Your shield and plate armour prevent you from hitting TheNamelessOne's ghost.
TheNamelessOne's ghost is almost destroyed.
TheNamelessOne's ghost hits you but does no damage.
You closely miss TheNamelessOne's ghost.
TheNamelessOne's ghost is almost destroyed.
TheNamelessOne's ghost adeptly chants a nearly unspeakable incantation.
You block TheNamelessOne's ghost's attack.
You hit TheNamelessOne's ghost but do no damage.
TheNamelessOne's ghost is almost destroyed.
TheNamelessOne's ghost points at you and mumbles some strange words.
The orb of energy hits you!
You die...

##########
#........##########
...............W@>#
#..>.....##########
#######.#..#
#######....############
......).#.#..#........#
#....##.#.#.)#.######.#
#....##.#.#..#.# #.#
#.......#.#.<#.# #.#
##.######.#.##.# #.#


You could see TheNamelessOne's ghost.

Vanquished Creatures
  An orc warlord (D:9)
  Harold (D:8)
  Fannar (D:10)
  A death yak (D:9)
  Urug (Orc:1)
  Pikel (D:5)
  An orc knight (Orc:1)
  An orc sorcerer (D:9)
  A necromancer (IceCv)
  Maurice (D:9)
  5 ice statues (IceCv)
  8 ice devils (IceCv)
  Grinder (D:6)
  Prince Ribbit (D:7)
  A hippogriff (D:8)
  18 yaks
  Eustachio (D:5)
  A hungry ghost (D:10)
  Edmund (D:5)
  A warg (Orc:1)
  Menkaure (D:2)
  2 water moccasins
  4 orc warriors
  An ice beast (D:10)
  A slave (D:5)
  A black bear (D:9)
  A necrophage (D:6)
  A sky beast (D:9)
  8 ogres
  2 phantoms
  3 centaurs
  3 bullfrogs
  A gnoll sergeant (D:9)
  4 wights
  4 crimson imps
  A centaur zombie (D:6)
  2 draconian simulacra (IceCv)
  Crazy Yiuf (D:5)
  5 hounds
  4 jellies
  An orc priest (Orc:1)
  4 iguanas
  Terence (D:3)
  12 orc wizards
  A spriggan simulacrum (IceCv)
  A troll simulacrum (IceCv)
  5 worker ants
  A centaur simulacrum (IceCv)
  5 naga simulacra (IceCv)
  11 adders
  2 shadow imps
  An ooze (D:1)
  3 adder zombies
  4 adder skeletons
  2 worms (D:4)
  3 dart slugs
  A leopard gecko (D:5)
  27 orcs
  2 bat zombies (D:2)
  5 giant cockroaches
  8 goblins
  5 hobgoblins
  7 jackals
  2 quokkas (D:9)
  10 bats
  6 frilled lizards
  7 kobolds
  A quokka skeleton (D:2)
  4 rats
240 creatures vanquished.

Notes
Turn   | Place    | Note
-------+----------+-------------------------------------------
     0 | D:1      | Amnesiac the Mummy Hunter began the quest for the Orb.
     0 | D:1      | Reached XP level 1. HP: 16/16 MP: 1/1
   163 | D:1      | Reached XP level 2. HP: 8/22 MP: 2/2
   807 | D:1      | Reached XP level 3. HP: 22/28 MP: 3/3
  1012 | D:1      | Reached skill level 4 in Crossbows
  1508 | D:2      | Found a deep blue altar of Sif Muna.
  1508 | D:2      | Found a stormy altar of Qazlal.
  1553 | D:2      | Found a basalt altar of Yredelemnul.
  1561 | D:2      | Noticed Menkaure
  1565 | D:2      | Found a transporter.
  1591 | D:2      | Found a transporter.
  1591 | D:2      | Found an ancient bone altar of Kikubaaqudgha.
  1864 | D:3      | Noticed Terence
  1873 | D:3      | Killed Terence
  1873 | D:3      | Reached XP level 4. HP: 33/35 MP: 4/4
  2209 | D:4      | Found Lainumm's Magic Scroll Boutique.
  2212 | D:4      | Reached XP level 5. HP: 41/41 MP: 5/5
  2343 | D:4      | Bought a scroll of identify for 20 gold pieces
  2343 | D:4      | Bought a scroll of magic mapping for 35 gold pieces
  2344 | D:4      | Bought a scroll of remove curse for 30 gold pieces
  2344 | D:4      | Bought a scroll of random uselessness for 10 gold pieces
  2344 | D:4      | Bought a scroll of fear for 35 gold pieces
  2823 | D:4      | Got a slimy ring mail
  2920 | D:4      | Reached skill level 5 in Crossbows
  3171 | D:5      | Entered Level 5 of the Dungeon
  3203 | D:4      | Identified the +0 ring mail of Xank {rF+} (You found it on
                  | level 4 of the Dungeon)
  3267 | D:4      | Reached XP level 6. HP: 41/48 MP: 6/6
  3500 | D:5      | Noticed Edmund
  3849 | D:5      | Killed Edmund
  3849 | D:5      | Reached skill level 6 in Crossbows
  3849 | D:5      | Reached XP level 7. HP: 34/55 MP: 1/7
  4007 | D:5      | Reached skill level 5 in Fighting
  4194 | D:5      | Found a staircase to the Ecumenical Temple.
  4339 | Temple   | Entered the Ecumenical Temple
  4527 | Temple   | Became a worshipper of Warmaster Okawaru
  4732 | D:5      | Noticed Pikel
  4809 | D:5      | Killed Pikel
  4809 | D:5      | Reached * piety under Okawaru
  4809 | D:5      | Reached ** piety under Okawaru
  4809 | D:5      | Reached skill level 7 in Crossbows
  4809 | D:5      | Reached XP level 8. HP: 51/64 MP: 7/9
  4891 | D:5      | Noticed Eustachio
  5017 | D:5      | Killed Eustachio
  5073 | D:5      | Found a runed door.
  5256 | D:5      | Noticed Crazy Yiuf
  5261 | D:5      | Killed Crazy Yiuf
  5538 | D:6      | Noticed TheNamelessOne's ghost (novice KoCj)
  5539 | D:6      | Found a transporter.
  5604 | D:6      | Found a transporter.
  5617 | D:6      | Reached skill level 8 in Crossbows
  5781 | D:6      | Reached XP level 9. HP: 63/71 MP: 8/11
  5809 | D:6      | Reached *** piety under Okawaru
  5809 | D:6      | HP: 1/71 [shot self (10)]
  6181 | D:6      | Noticed Grinder
  6225 | D:6      | Killed Grinder
  6225 | D:6      | Received a gift from Okawaru
  6225 | D:6      | Reached skill level 9 in Crossbows
  6660 | D:2      | Killed Menkaure
  7408 | D:7      | Reached **** piety under Okawaru
  7408 | D:7      | Reached skill level 5 in Invocations
  7417 | D:7      | Found an iron altar of Okawaru.
  7701 | D:7      | Noticed Prince Ribbit
  7719 | D:7      | Killed Prince Ribbit
  7719 | D:7      | Reached XP level 10. HP: 8/80 MP: 10/13
  8800 | D:8      | Received a gift from Okawaru
  9264 | D:8      | Learned a level 2 spell: Blink
  9323 | D:9      | Found a hide-covered altar of Uskayaw.
  9412 | D:9      | Found a burning altar of Makhleb.
  9412 | D:9      | Found a glowing silver altar of Zin.
  9413 | D:9      | Noticed an angel
  9413 | D:9      | Noticed a cacodemon
  9433 | D:9      | Noticed a hand axe
  9434 | D:9      | Noticed a dagger
  9440 | D:9      | Reached skill level 1 in Armour
  9504 | D:9      | Found a staircase to the Orcish Mines.
  9629 | D:9      | Reached skill level 10 in Crossbows
  9694 | D:8      | Noticed Harold
  9745 | D:8      | Killed Harold
  9763 | D:8      | Received a gift from Okawaru
 10262 | D:9      | Learned a level 3 spell: Mephitic Cloud
 10265 | D:9      | Learned a level 2 spell: Call Imp
 10504 | D:9      | Noticed Maurice
 11176 | D:9      | Reached ***** piety under Okawaru
 11182 | D:9      | Received a gift from Okawaru
 11340 | D:9      | Noticed a death yak
 11399 | D:9      | Killed a death yak
 11399 | D:9      | Reached XP level 11. HP: 12/86 MP: 17/17
 11746 | D:9      | Killed Maurice
 11746 | D:9      | Received a gift from Okawaru
 11851 | D:10     | Entered Level 10 of the Dungeon
 11993 | D:10     | Found a runed door.
 11993 | D:10     | Noticed galech's ghost (novice DsMo)
 12071 | D:10     | Noticed Fannar
 12122 | D:10     | Killed Fannar
 12216 | D:10     | Found Hyeloa's Antique Weapon Boutique.
 12320 | Orc:1    | Entered Level 1 of the Orcish Mines
 12356 | Orc:1    | Noticed Urug
 12359 | Orc:1    | Noticed an orc knight
 12367 | Orc:1    | Killed Urug
 12392 | Orc:1    | HP: 2/86 [orc knight/broad axe (17)]
 12393 | Orc:1    | Killed an orc knight
 12393 | Orc:1    | Reached skill level 5 in Armour
 12695 | Orc:1    | Reached skill level 5 in Dodging
 12718 | Orc:1    | Noticed an orc sorcerer
 12726 | Orc:1    | Noticed an orc warlord
 12733 | Orc:1    | Noticed an orc sorcerer
 12733 | Orc:1    | Noticed an orc sorcerer
 12733 | Orc:1    | Noticed an orc knight
 12745 | Orc:1    | Found a frozen archway.
 12748 | IceCv    | Entered an ice cave
 14026 | IceCv    | Received a gift from Okawaru
 14150 | IceCv    | Noticed a necromancer
 14164 | IceCv    | Killed a necromancer
 17233 | Orc:1    | Noticed an enchanted double sword
 17236 | Orc:1    | Noticed an orc knight
 17257 | Orc:1    | Noticed a soul eater
 17617 | D:9      | Killed an orc sorcerer
 17617 | D:9      | Reached XP level 12. HP: 87/92 MP: 18/18
 17700 | D:9      | HP: 4/92 [orc warlord/great mace of protection (18)]
 17706 | D:9      | Killed an orc warlord
 18173 | D:6      | Killed from afar by TheNamelessOne's ghost

Vault maps used:
D:1:      dpeg_arrival_lava_altar
D:2:      gammafunk_temple_of_torment, amethyst_overflow_temple_binary
D:3:      first_ration, uniq_terence
D:4:      serial_shops, shop
D:5:      minmay_temple_entry_fiery, uniq_pikel, uniq_edmund, uniq_eustachio,
          uniq_crazy_yiuf_cottage
D:6:      gammafunk_ghost_smash, uniq_grinder
D:7:      roderic_roman_lattice, kennysheep_okawaru_gauntlet,
          uniq_prince_ribbit1
D:8:      uniq_harold
D:9:      argonaut_augean_stables, dancing_weapons_uskayaw,
          grunt_temple_overflow_order_and_chaos_2, uniq_maurice
D:10:     hellmonk_ghost_happy_afterlife, serial_shops, nicolae_shop_trees,
          uniq_fannar
Temple:   regret_index_temple_generic_petals
Orc:1:    serial_shops, shop, portal_ice_cave_demonic_guard, sword_in_stone
IceCv:    ice_cave_tombish

Skill      XL: |  1  2  3  4  5  6  7  8  9 10 11 12 |
---------------+-------------------------------------+-----
Crossbows      | 4 5 6 7 8 9 10 | 10.0
Fighting       | 3 4 5 6 7 8 |  8.0
Invocations    | 2 3 5 8 |  8.0
Armour         | 3 6 7 |  7.2
Dodging        | 3 6 7 |  7.2
Stealth        | |  0.7

Action                   |  1- 3 |  4- 6 |  7- 9 | 10-12 || total
-------------------------+-------+-------+-------+-------++-------
Melee: Short sword       |    57 |       |    97 |   631 ||   785
       Whip              |       |       |    59 |       ||    59
       Dagger            |       |       |       |    26 ||    26
       Punch             |       |       |       |     1 ||     1
 Fire: Hand crossbow     |     2 |    50 |   153 |   330 ||   535
       Hunting sling     |    66 |   111 |    25 |   265 ||   467
       Blowgun           |       |       |     9 |     1 ||    10
Throw: Stone             |       |       |     5 |     3 ||     8
Invok: Heroism           |       |       |     3 |    15 ||    18
       Finesse           |       |       |       |     3 ||     3
Evoke: Wand              |       |       |     4 |     4 ||     8
  Use: Scroll            |       |     1 |     5 |    11 ||    17
 Stab: Sleeping          |     1 |       |       |       ||     1
Armor: Leather armour    |    31 |       |       |       ||    31
       Ring mail         |     4 |    44 |   153 |     3 ||   204
       Plate armour      |       |       |       |   716 ||   716
Dodge: Dodged            |    63 |    42 |   205 |   407 ||   717
Block: Shield            |       |       |       |    10 ||    10

Table legend:
 A = Non-vault XP
 B = Vault XP
 C = Vault XP percentage of total XP
 D = Non-vault monster count
 E = Vault monster count
 F = Vault count percentage of total count
                 A         B        C        D         E       F
            +---------+---------+-------+---------+---------+-------
      Total |    8913 |   15193 |  63.0 |     181 |      58 |  24.3
            +---------+---------+-------+---------+---------+-------
        D:1 |      61 |       0 |   0.0 |      33 |       0 |   0.0
        D:2 |      22 |     230 |  91.3 |       7 |       5 |  41.7
        D:3 |      79 |      36 |  31.3 |      13 |       1 |   7.1
        D:4 |     331 |       0 |   0.0 |      19 |       0 |   0.0
        D:5 |     569 |    1011 |  64.0 |      16 |       4 |  20.0
        D:6 |    1970 |     520 |  20.9 |      25 |       3 |  10.7
        D:7 |     555 |     384 |  40.9 |      12 |       2 |  14.3
        D:8 |     608 |    1002 |  62.2 |       8 |       1 |  11.1
        D:9 |    3593 |    3878 |  51.9 |      27 |      15 |  35.7
       D:10 |     423 |     945 |  69.1 |       5 |       1 |  16.7
      Orc:1 |     702 |    1409 |  66.7 |      16 |       2 |  11.1
      IceCv |       0 |    5778 | 100.0 |       0 |      24 | 100.0
            +---------+---------+-------+---------+---------+-------
